 Dungeon Crawl Stone Soup version 0.31-a0-229-g1fc7ce93e2 (webtiles) character file.

Game seed: 4991608788341988497

1585479 juan097 the Formicid Barricade (level 27, 203/203 HPs)
             Began as a Formicid Fighter on July 6, 2023.
             Was an Initiate of Gozag.
             Escaped with the Orb
             ... and 3 runes!
             The game lasted 04:07:33 (74763 turns).

juan097 the Formicid Barricade (Formicid Fighter)  Turns: 74763, Time: 04:07:33

Health: 203/203    AC: 47    Str: 32    XL:     27
Magic:  26/26      EV: 12    Int: 15    God:    Gozag
Gold:   8071       SH: 40    Dex: 17    Spells: 34/42 levels left

rFire   + . .        a - +8 battleaxe (heavy)
rCold   + + +        D - +10 tower shield of Ignorance {rN+ Int-4}
rNeg    + + +        Y - +12 gold dragon scales
rPois   +            (helmet unavailable)
rElec   +            Q - +3 cloak of the Tuna {Int+6}
rCorr   +            y - +1 pair of gloves of Kikubaaqudgha's Pride {rElec rPois rN+ Slay+2}
SInv    +            n - +4 pair of boots of Ufukh {*Slow rC++ Int+2 Stlth-}
Will    +++++        t - amulet "Tugam" {Regen+ MP-9 Str+4 Int+2} Stlth
                     v - ring of Cowardice {Contam Fly rN+ Will+++ Slay+4, =R}
HPRegen 1.33/turn    M - ring of resist corrosion
MPRegen 0.20/turn

%: slow self (1%)
@: flying, studying 2 skills
A: permanent stasis, dig shafts and tunnels, antennae 3, four strong arms, large
bone plates 1, deterioration 1, dopey 1, frail 1, sense surroundings 2, subdued
magic 1, noise suppression
0: Orb of Zot
}: 3/15 runes: barnacled, slimy, gossamer
a: Dig, Shaft Self, Renounce Religion, Potion Petition, Call Merchant, Bribe
Branch


You escaped.
You worshipped Gozag.
Gozag was greatly pleased with you.
You visited 10 branches of the dungeon, and saw 51 of its levels.
You also visited: Trove, Bailey, Gauntlet and Ice Cave.

You collected 30789 gold pieces.
You spent 6549 gold pieces at shops.
You paid 16169 gold pieces to Gozag.

Inventory:

Hand Weapons
 a - a +8 heavy battleaxe (weapon)
 b - the +7 arbalest of the Spectre {drain, rPois}
   (You found it on level 4 of the Dungeon)

   rPois:     It protects you from poison.
 r - a +6 battleaxe of flaming
 w - the +6 arbalest "Damnation" {damnation}
   (You acquired it on level 4 of the Spider Nest)
Missiles
 m - 3 throwing nets
 s - 3 boomerangs of dispersal
 E - 14 curare-tipped darts
 H - 20 silver javelins (quivered)
 V - 10 javelins
Armour
 n - the +4 pair of boots of Ufukh (worn) {*Slow rC++ Int+2 Stlth-}
   (You found it on level 2 of the Spider Nest)

   Int:       It affects your intelligence (+2).
   rC:        It greatly protects you from cold.
   *Slow:     It may slow you when you take damage.
   Stlth:     It makes you less stealthy.
 y - the +1 pair of gloves of Kikubaaqudgha's Pride (worn) {rElec rPois rN+ Slay+2}
   (You bought it in a shop on level 2 of the Dungeon)

   Slay:      It affects your accuracy & damage with ranged weapons and melee
   (+2).
   rElec:     It insulates you from electricity.
   rPois:     It protects you from poison.
   rN:        It protects you from negative energy.
 D - the +10 tower shield of Ignorance (worn) {rN+ Int-4}
   (You bought it in a shop on level 3 of the Vaults)

   Int:       It affects your intelligence (-4).
   rN:        It protects you from negative energy.
 Q - the +3 cloak of the Tuna (worn) {Int+6}
   (You bought it in a shop on level 2 of the Orcish Mines)

   Int:       It affects your intelligence (+6).
 Y - +12 gold dragon scales (worn)
Jewellery
 e - an amulet of regeneration
 i - a +5 ring of evasion
 t - the amulet "Tugam" (around neck) {Regen+ MP-9 Str+4 Int+2}
   (You found it on level 3 of the Elven Halls)

   [amulet of regeneration]

   Str:       It affects your strength (+4).
   Int:       It affects your intelligence (+2).
   MP:        It affects your magic capacity (-9).
   Regen:     It increases your rate of health regeneration.
 u - the ring "Bisecuar" {rElec rF+ rC+ MP+9 Int+6}
   (You found it on level 5 of the Pits of Slime)

   [ring of intelligence]

   Int:       It affects your intelligence (+6).
   rF:        It protects you from fire.
   rC:        It protects you from cold.
   rElec:     It insulates you from electricity.
   MP:        It affects your magic capacity (+9).
 v - the ring of Cowardice (left hand) {Contam Fly rN+ Will+++ Slay+4, =R}
   (You acquired it on level 4 of the Vaults)

   [ring of slaying]

   Slay:      It affects your accuracy & damage with ranged weapons and melee
   (+4).
   rN:        It protects you from negative energy.
   Fly:       It grants you flight.
   Contam:    It causes magical contamination when unequipped.
   Will:      It greatly increases your willpower.
 I - a ring of poison resistance
 M - a ring of resist corrosion (right hand)
Wands
 K - a wand of charming (34)
 O - a wand of digging (8)
 R - a wand of quicksilver (30)
 S - a wand of iceblast (38)
Scrolls
 c - 6 scrolls of fear
 f - 11 scrolls of vulnerability
 g - 3 scrolls of poison
 h - a scroll of enchant armour
 l - 5 scrolls of butterflies
 o - 10 scrolls of fog
 z - 8 scrolls of immolation
 J - a scroll of brand weapon
 U - 8 scrolls of silence
 X - 6 scrolls of revelation
Potions
 d - 18 potions of curing
 q - 9 potions of mutation
 x - 6 potions of resistance
 A - 14 potions of lignification
 B - 6 potions of enlightenment
 C - 6 potions of cancellation
 F - 7 potions of attraction
 G - 2 potions of invisibility
 L - 8 potions of ambrosia
 W - 12 potions of heal wounds
Miscellaneous
 j - a phial of floods
 k - a phantom mirror
 T - a lightning rod (4/4)
 Z - a sack of spiders


   Skills:
 + Level 20.5 Fighting
 - Level 20.0 Axes
 - Level 17.0 Ranged Weapons
 + Level 14.7 Throwing
 - Level 18.0 Armour
 - Level 10.0 Dodging
 - Level 8.0 Stealth
 O Level 27 Shields
 - Level 8.0 Spellcasting
 - Level 12.0 Hexes
 - Level 8.0 Translocations
 - Level 9.0 Transmutations
 - Level 10.0 Earth Magic
 - Level 12.0 Evocations


You had 34 spell levels left.
You knew the following spells:

 Your Spells              Type           Power      Damage    Failure   Level
a - Wereblood             Tmut           25%        N/A       3%          2
b - Portal Projectile     Hex/Tloc       54%        N/A       4%          3
c - Passwall              Tmut/Erth      21%        N/A       2%          2
d - Apportation           Tloc           46%        N/A       3%          1

Your spell library contained the following spells:

 Spells                   Type           Power      Damage    Failure   Level
 Sandblast                Erth           54%        2d13      1%          1
 Confusing Touch          Hex            32%        N/A       1%          3
 Beastly Appendage        Tmut           50%        N/A       2%          1
 Lesser Beckoning         Tloc           46%        N/A       5%          2
 Cause Fear               Hex            16%        N/A       7%          4
 Leda's Liquefaction      Hex/Erth       15%        N/A       11%         4
 Gell's Gravitas          Tloc           23%        N/A       12%         3
 Teleport Other           Tloc           23%        N/A       12%         3
 Ensorcelled Hibernation  Hex/Ice        36%        N/A       13%         2
 Sting                    Tmut/Pois      60%        1d6       16%         1
 Petrify                  Tmut/Erth      26%        N/A       21%         4
 Dazzling Flash           Conj/Hex       36%        N/A       26%         3
 Summon Guardian Golem    Hex/Summ       18%        N/A       26%         3
 Momentum Strike          Conj/Tloc      26%        3d8       30%         2
 Manifold Assault         Tloc           23%        N/A       36%         4
 Stone Arrow              Conj/Erth      32%        3d9       38%         3
 Spider Form              Tmut/Pois      15%        N/A       45%         3
 Lee's Rapid Deconstruct  Erth           13%        3d9*      45%         5
 Volatile Blastmotes      Fire/Tloc      26%        2d12      52%         3
 Blade Hands              Tmut           12%        N/A       58%         5
 Anguish                  Hex/Necr       9%         N/A       67%         4
 Fulminant Prism          Conj/Hex       9%         3d6       67%         4
 Freeze                   Ice            16%        1d4       73%         1
 Kiss of Death            Conj/Necr      16%        2d6       73%         1
 Magic Dart               Conj           16%        1d3       73%         1
 Necrotise                Necr           16%        1d4       73%         1
 Shock                    Conj/Air       16%        1d4       73%         1
 Summon Small Mammal      Summ           16%        N/A       73%         1
 Animate Armour           Summ/Erth      32%        N/A       80%         4
 Poisonous Vapours        Pois/Air       8%         N/A       86%         2
 Searing Ray              Conj           8%         2d4       86%         2
 Static Discharge         Conj/Air       8%         2-3/arc   86%         2
 Sublimation of Blood     Necr           4%         N/A       86%         2
 Ice Form                 Ice/Tmut       15%        N/A       86%         4
 Iskenderun's Mystic Bla  Conj/Tloc      13%        2d5       91%         4
 Metabolic Englaciation   Hex/Ice        9%         N/A       95%         5
 Silence                  Hex/Air        9%         N/A       95%         5
 Summon Mana Viper        Hex/Summ       18%        N/A       95%         5
 Call Canine Familiar     Summ           4%         N/A       98%         3
 Frozen Ramparts          Ice            8%         1d2       98%         3
 Hailstorm                Conj/Ice       4%         3d4       98%         3
 Mephitic Cloud           Conj/Pois/Air  4%         N/A       98%         3
 Ozocubu's Armour         Ice            4%         N/A       98%         3
 Vampiric Draining        Necr           4%         2d6       98%         3
 Statue Form              Tmut/Erth      17%        N/A       98%         6
 Alistair's Intoxication  Tmut/Pois      10%        N/A       99%         5
 Borgnjor's Vile Clutch   Necr/Erth      8%         N/A       99%         5
 Irradiate                Conj/Tmut      7%         3d14      99%         5
 Summon Forest            Summ/Tloc      6%         N/A       99%         5
 Airstrike                Air            2%         2d(1-17)  100%        4
 Dispel Undead            Necr           4%         3d7       100%        4
 Summon Ice Beast         Ice/Summ       4%         N/A       100%        4
 Summon Lightning Spire   Summ/Air       4%         N/A       100%        4
 Agony                    Necr           4%         N/A       100%        5
 Arcjolt                  Conj/Air       2%         1d12      100%        5
 Freezing Cloud           Conj/Ice/Air   2%         6-21      100%        5
 Dispersal                Tloc           11%        N/A       100%        6
 Eringya's Noxious Bog    Tmut/Pois      7%         4d6       100%        6
 Leda's Unmaking          Conj/Erth      8%         9d2       100%        6
 Plasma Beam              Fire/Air       2%         2x1d12    100%        6
 Starburst                Conj/Fire      2%         6d3       100%        6
 Summon Cactus Giant      Summ           2%         N/A       100%        6
 Enfeeble                 Hex            16%        N/A       100%        7
 Malign Gateway           Summ/Tloc      6%         N/A       100%        7
 Monstrous Menagerie      Summ           2%         N/A       100%        7
 Ozocubu's Refrigeration  Ice            2%         4d7       100%        7
 Storm Form               Tmut/Air       7%         N/A       100%        7
 Summon Hydra             Summ           2%         N/A       100%        7
 Disjunction              Tloc           11%        N/A       100%        8
 Maxwell's Capacitive Co  Air            2%         ∞         100%        8
 Summon Horrible Things   Summ           2%         N/A       100%        8
 Polar Vortex             Ice            2%         N/A       100%        9
 Shatter                  Erth           13%        3d14*     100%        9
 Blink                    Tloc           Unusable   N/A       N/A         2
 Vhi's Electric Charge    Tloc/Air       Unusable   N/A       N/A         3
 Swiftness                Air            Unusable   N/A       N/A         3
 Simulacrum               Ice/Necr       Unusable   N/A       N/A         6

Dungeon Overview and Level Annotations

Branches:
Dungeon (15/15)            Temple (0/1) D:5            Lair (5/5) D:11
 Shoals (4/4) Lair:2       Spider (4/4) Lair:2        Slime (5/5) Lair:5
    Orc (2/2) D:9             Elf (3/3) Orc:2        Vaults (4/5) D:14
  Crypt (0/3) Vaults:2     Depths (4/4) D:15            Zot (5/5) Depths:4
 Bailey (visited)           IceCv (visited)         Gauntlet (visited)

Altars:
Cheibriados
Elyvilon
Fedhas
Gozag
Hepliaklqana
Kikubaaqudgha
Makhleb
Nemelex Xobeh
Okawaru
Sif Muna
Uskayaw
Vehumet
Wu Jian
Xom
Yredelemnul
Zin
The Shining One
Jiyva
Lugonu

Shops:
D:2 (([[*   D:4 *   D:7 ?   D:14 ?*=*   Orc:1 (   Orc:2 [!:[[   Elf:2 *
Elf:3 :=:   Shoals:2 =   Vaults:3 ([   Depths:3 (

Portals:
Hell: Depths:1 Depths:2 Depths:3 Depths:4
Abyss: Lair:5 Depths:3
Pandemonium: Depths:2
Ziggurat: Depths:2

Annotations:
D:5 1 runed translucent door, AwFulAwFulPlayer's ghost, novice OpMo
Shoals:4 1 runed translucent door, Zeldest's ghost, adept SpHs
Spider:4 3 runed translucent doors, Pooter's ghost, adept MiMo
Zot:5 4 transporters


Innate Abilities, Weirdness & Mutations

You cannot be hasted, slowed, berserked, paralysed or teleported.
You can dig through walls and to a lower floor.
You have a pair of large antennae on your head. (SInv)
Your four strong arms can wield two-handed weapons with a shield.
You are partially covered in large bone plates. (SH +4)
Your body sometimes deteriorates upon taking damage.
You are dopey. (Int -2)
You are frail. (-10% HP)
You passively map the area around you.
Your spells are a little easier to cast, but a little less powerful.
You passively dampen the noise of your surroundings.


Message History

(N) Spider Nest (M) Slime Pits (O) Orcish Mines (E) Elven Halls (V) Vaults (C) Crypt (U) Depths (H) Hell (Z) Zot
Where to? (Enter - D:1, ? - help)
Okay, then.
You now have 8071 gold pieces (gained 5).
You see here a +3 scythe of freezing.
(D) Dungeon (T) Temple (L) Lair (A) Shoals (N) Spider Nest (M) Slime Pits (O) Orcish Mines (E) Elven Halls (V) Vaults (C) Crypt (U) Depths (H) Hell (Z) Zot
Where to? (Enter - D:1, ? - help)
There is a stone staircase leading up here.
HP restored.
You fly upwards.
There is a stone staircase leading down here.
There is a stone staircase leading up here.
You fly upwards.
There is a stone staircase leading down here.
There is a stone staircase leading up here.
You fly upwards.
Level annotation: 1 runed translucent door, AwFulAwFulPlayer's ghost, novice OpMo
There is a stone staircase leading down here.
There is an open door here.
There is a stone staircase leading up here.
You fly upwards.
There is a stone staircase leading down here.
You see here 7 stones.
There is a stone staircase leading up here.
You fly upwards.
There is a stone staircase leading down here.
There is a stone staircase leading up here.
You fly upwards.
There is a stone staircase leading down here.
There is a stone staircase leading up here.
You fly upwards.
There is a stone staircase leading down here.
You see here a +0 dagger.
There is a staircase leading out of the dungeon here.
You have escaped!

##### #.##.#.##.###....###....
#...# ####....#.##.##............
#...# #..........................
#...###.##..................#....
+.....#.##.##.......#.......#....
#...###.##.#..#####.........#....
.............#.....#.............
...####.##..#.......#............
...####....#....@....#...........
.....##..#..#.......#........PP♣P
.###.##..##..#.....#........PP♣PP
.+............#####..##..###..♣♣P
.###.##..##.#.......###..# #..♣..
...#.##♣.♣..##...........# ##...#
##.#.♣.....♣##.##...##.#.# ###.##
.............>......##.#.# #.....
##+#♣.....).♣.......##.#.# #.####


There were no monsters in sight!

Vanquished Creatures
  the Royal Jelly (Slime:5)
  A dread lich (Zot:5)
  3 orbs of fire (Zot:5)
  An ancient lich (Zot:5)
  A juggernaut (Depths:2)
  Frederick (Vaults:3)
  4 Killer Klowns (Zot:5)
  A curse toe (Zot:3)
  Margery (Depths:1)
  The ghost of Camaan the Warrior, an adept DgCj (Depths:3)
  Nikola (Depths:2)
  the Enchantress (Depths:2)
  4 golden dragons
  A pearl dragon (Depths:1)
  3 electric golems
  Jorgrun (Spider:1)
  8 liches
  Asterion (Depths:2)
  2 tentacled monstrosities
  11 Orb Guardians (Zot:5)
  13 acid blobs
  2 deep elf blademasters
  2 titans
  4 deep elf master archers (Elf:3)
  2 ancient champions (Depths:3)
  A walking frostbound tome (Depths:2)
  4 sphinxes
  Polyphemus (Shoals:3)
  2 quicksilver dragons
  3 death cobs
  A tengu reaver (Depths:4)
  2 draconian monks
  4 storm dragons
  4 shadow dragons
  10 rockslimes
  Agnes (Elf:1)
  12 azure jellies
  5 draconian knights
  7 fire giants
  Ilsuiw (Shoals:3)
  7 ghost moths
  5 frost giants
  6 draconian scorchers
  Louise (Shoals:3)
  17 vault wardens
  2 draconian shifters
  3 emperor scorpions
  10 deep elf sorcerers
  A war gargoyle (Vaults:1)
  4 deep elf elementalists (Elf:3)
  7 quicksilver oozes
  4 draconian stormcallers
  3 spriggan defenders (Depths:2)
  A quicksilver ooze (shapeshifter) (Depths:2)
  19 ironbound preservers
  3 broodmothers
  3 very ugly things
  5 formless jellyfish (Slime:1)
  8 ironbound thunderhulks
  An ophan (Depths:1)
  A draconian annihilator (Zot:5)
  2 orc warlords
  A reaper (D:8)
  Nessos (Lair:5)
  3 vampire knights
  15 stone giants
  An apis (Depths:1)
  2 eleionomae (Shoals:1)
  Azrael (Spider:2)
  4 deep elf demonologists (Elf:3)
  6 deep elf annihilators (Elf:3)
  7 white draconians
  7 green draconians
  A red draconian (Zot:4)
  A minotaur (Gauntlet)
  5 purple draconians
  9 dire elephants
  7 yellow draconians
  5 spark wasps (Depths:2)
  10 black draconians
  9 ettins
  A green death (Zot:4)
  4 crystal guardians
  6 deep elf death magi
  6 entropy weavers
  11 merfolk impalers
  6 deep elf high priests
  8 merfolk javelineers
  2 blizzard demons
  2 jiangshi (Depths:2)
  8 fire dragons
  6 yaktaur captains
  Erolcha (Orc:2)
  6 rakshasas
  9 great orbs of eyes
  17 vault guards
  10 hydras
  9 ice dragons
  4 peacekeepers
  4 jorogumos (Spider:4)
  A hell beast (Zot:3)
  12 ironbound frosthearts
  5 merfolk avatars
  A catoblepas (Shoals:3)
  5 spriggan air magi
  An ogre mage (Vaults:3)
  A radroach (Spider:2)
  2 merfolk aquamancers
  7 boulder beetles
  4 two-headed ogres
  25 dancing weapons
  18 death yaks
  The ghost of ForestMusic the Fighter, a novice MiBe of Trog (D:8)
  5 alligator snapping turtles
  14 centaur warriors
  10 deep troll earth magi
  6 demonic crawlers
  10 deep troll shamans
  5 satyrs
  17 tengu warriors
  9 death scarabs (Spider:4)
  3 vampire magi
  The ghost of LynnLen the Covert, a journeyman SpEn of Dithmenos (Lair:2)
  12 spriggan berserkers
  13 deep elf knights (Elf:2)
  2 thrashing horrors (Lair:5)
  20 hell knights
  A spectral emperor scorpion (Spider:4)
  A soul eater (D:12)
  Nergalle (D:11)
  4 large abominations (Lair:5)
  6 skeletal warriors
  13 iron trolls
  3 salamander mystics (Depths:3)
  62 deep trolls
  A sixfirhy (Depths:2)
  4 skysharks
  A sun moth (Spider:2)
  3 pharaoh ants
  A flayed ghost (Depths:1)
  2 glowing orange brains
  4 steelbarb worms
  A tengu zombie (Vaults:3)
  10 sea snakes
  8 deep elf archers
  A kraken simulacrum (Shoals:4)
  9 orb spiders
  A spectral wolf spider (Spider:4)
  19 deep elf pyromancers
  14 harpies
  6 wizards
  2 spectral jorogumos (Spider:4)
  An obsidian statue (D:14)
  15 ironbound convokers
  2 phantasmal warriors (Depths:2)
  26 deep elf zephyrmancers
  6 necromancers
  6 lindwurms
  9 orc knights
  23 fauns
  18 wolf spiders
  21 manticores
  31 ugly things
  3 shining eyes
  11 orc sorcerers
  A cyclops (shapeshifter) (Vaults:3)
  5 black mambas
  10 cyclopes
  A human skeleton (Vaults:1)
  12 vault sentinels
  6 elephants
  10 moths of wrath
  A guardian serpent (Depths:2)
  2 ice statues (IceCv)
  2 smoke demons
  13 water nymphs
  A fire giant skeleton (Vaults:1)
  10 merfolk sirens
  An orange demon (Depths:1)
  An unseen horror (shapeshifter) (Elf:2)
  An eye of devastation (Slime:4)
  4 torpor snails
  8 cane toads
  An elf zombie (Vaults:3)
  3 gargoyles (D:11)
  2 kobold demonologists (D:14)
  32 yaktaurs
  4 komodo dragons
  An unseen horror (D:11)
  An ice devil (Depths:2)
  7 rime drakes
  3 redback zombies (Spider:4)
  6 spectral redbacks (Spider:4)
  6 tengu conjurers
  A yaktaur skeleton (Vaults:1)
  An ancient zyme (Lair:5)
  31 merfolk
  3 polar bears
  3 meliai (D:14)
  A spectral tarantella (Spider:4)
  7 trolls
  5 wind drakes
  2 hornets (Depths:2)
  A spectral culicivora (Spider:4)
  A spectral jumping spider (Spider:4)
  29 tarantellas
  A tyrant leech (shapeshifter) (Vaults:2)
  Prince Ribbit (Bailey)
  16 dream sheep
  A tarantella zombie (Spider:4)
  26 blink frogs
  5 snapping turtles
  A culicivora zombie (Spider:4)
  10 flying skulls (Gauntlet)
  90 slime creatures
  6 centaur simulacra
  3 air elementals (Elf:1)
  23 jumping spiders
  23 culicivoras
  2 shadows
  6 spriggans
  2 vampires (D:11)
  2 ynoxinuls (Lair:5)
  36 yaks
  10 water elementals
  2 wraiths
  7 wyverns
  11 basilisks
  6 fire elementals
  7 golden eyes
  5 humans (Bailey)
  The ghost of TittyCrusher the Grasshopper, an amateur FeFE (D:8)
  A golden eye (shapeshifter) (D:15)
  A steam dragon (D:4)
  6 chaos spawn
  Grum (D:8)
  A neqoxec (Gauntlet)
  2 alligator snapping turtle simulacra (Shoals:4)
  17 vampire mosquitoes
  5 death yak simulacra
  A sea snake simulacrum (Shoals:4)
  33 redbacks
  A warg (Orc:2)
  5 harpy simulacra (Shoals:4)
  A swamp worm (Lair:2)
  3 acid dragons
  A swamp worm (shapeshifter) (D:15)
  15 water moccasins
  2 hell hounds (Spider:2)
  17 orc warriors
  A human zombie (Vaults:3)
  4 ice beasts
  A satyr simulacrum (Shoals:4)
  5 black bears
  18 wolves
  11 ogres
  5 boggarts
  15 centaurs
  2 phantoms (D:4)
  9 kobold brigands
  A gnoll sergeant (D:8)
  A faun simulacrum (Shoals:4)
  22 bullfrogs
  A scorpion (D:6)
  A cane toad simulacrum (D:12)
  2 two-headed ogre simulacra (D:12)
  8 wights
  3 manticore simulacra (Shoals:4)
  4 lindwurm simulacra (IceCv)
  5 killer bees (D:10)
  A snapping turtle simulacrum (Shoals:4)
  2 electric eels
  7 howler monkeys
  2 crimson imps
  6 komodo dragon simulacra (IceCv)
  A quasit (D:14)
  A hound (D:5)
  5 jellies
  2 gnoll boudas
  7 orc priests
  A sleepcap (D:6)
  An iron imp (D:14)
  Natasha (thrice) (D:2)
  4 iguanas
  29 orc wizards
  7 hell rats (Lair:5)
  A polar bear simulacrum (D:12)
  A troll simulacrum (D:12)
  2 spriggan simulacra (D:12)
  15 small abominations (Lair:5)
  Robin (D:3)
  12 gnolls
  14 adders
  3 acid dragon simulacra (IceCv)
  A shadow imp (D:6)
  5 white imps
  3 ufetubi
  8 steam dragon simulacra (IceCv)
  2 worms (D:2)
  2 dart slugs
  73 orcs
  5 endoplasms
  3 giant cockroaches
  17 goblins
  7 hobgoblins
  7 jackals
  19 kobolds
  2 quokkas
  2 ball pythons
  5 bats
  4 frilled lizards
  3 rats
2088 creatures vanquished.

Vanquished Creatures (collateral kills)
  3 orbs of fire (Zot:5)
  3 Killer Klowns (Zot:5)
  2 curse toes
  3 golden dragons
  7 tentacled monstrosities
  12 Orb Guardians (Zot:5)
  An acid blob (Slime:5)
  2 death cobs (Zot:5)
  A quicksilver dragon (Zot:3)
  4 shadow dragons
  2 storm dragons
  2 draconian knights
  3 draconian monks
  A rockslime (Slime:5)
  A ghost moth (Zot:5)
  6 draconian scorchers
  A vault warden (Vaults:3)
  6 draconian shifters
  6 draconian annihilators
  3 draconian stormcallers
  4 green draconians
  2 black draconians
  3 white draconians
  2 yellow draconians
  3 red draconians
  2 purple draconians
  A hydra (Lair:1)
  A deep elf high priest (Vaults:3)
  A shining eye (Slime:1)
  8 moths of wrath
  A torpor snail (Lair:1)
  2 merfolk (Shoals:4)
99 creatures vanquished.

Vanquished Creatures (others)
  A Killer Klown (Zot:5)
  Parghit (Zot:5)
  A curse toe (Zot:3)
  3 tentacled monstrosities
  2 Orb Guardians (Zot:5)
  2 death cobs
  2 storm dragons
  3 draconian monks
  A fire giant (Depths:3)
  3 draconian scorchers (Zot:3)
  5 draconian annihilators
  2 draconian shifters
  A very ugly thing (Depths:2)
  6 black draconians
  A vampire knight (Depths:3)
  A red draconian (Zot:3)
  3 yellow draconians
  2 purple draconians
  6 green draconians
  A white draconian (Zot:5)
  A fire dragon (Depths:4)
  An ice dragon (Depths:4)
  An ironbound convoker (Vaults:4)
  A deep elf zephyrmancer (Elf:1)
  3 moths of wrath
  2 slime creatures (Slime:5)
  A tarantella (Spider:1)
  A fire elemental (Spider:2)
  4 tentacles (Shoals:4)
62 creatures vanquished.

Grand Total: 2249 creatures vanquished

Notes
Turn   | Place    | Note
-------+----------+-------------------------------------------
     0 | D:1      | juan097 the Formicid Fighter began the quest for the Orb.
     0 | D:1      | Reached XP level 1. HP: 18/18 MP: 1/1
   103 | D:1      | Reached XP level 2. HP: 23/24 MP: 2/2
   395 | D:1      | Reached skill level 1 in Stealth
   737 | D:2      | Reached XP level 3. HP: 29/29 MP: 3/3
   863 | D:2      | Found Joofit's Weapon Emporium.
  1026 | D:2      | Reached XP level 4. HP: 34/37 MP: 4/4
  1058 | D:2      | Found Beesewn's Antique Armour Boutique.
  1123 | D:2      | Found Cueruss's Assorted Antiques.
  1175 | D:2      | Bought a scroll labelled ZECZO JIFI for 18 gold pieces
  1175 | D:2      | Bought a bubbling pink potion for 16 gold pieces
  1175 | D:2      | Bought a scroll labelled ZECZO JIFI for 18 gold pieces
  1216 | D:2      | Found Peodeosu's Armour Boutique.
  1285 | D:2      | Noticed Natasha
  1300 | D:2      | Killed Natasha
  1301 | D:2      | Reached XP level 5. HP: 26/42 MP: 5/5
  1370 | D:2      | Noticed Natasha
  1377 | D:2      | Killed Natasha
  1392 | D:2      | Noticed Natasha
  1399 | D:2      | Killed Natasha
  1400 | D:2      | Reached skill level 5 in Shields
  1478 | D:2      | Found Moqybola's Antique Weapon Shoppe.
  1528 | D:3      | Found a snail-covered altar of Cheibriados.
  1563 | D:3      | Found a faded altar of an unknown god.
  1640 | D:3      | Reached XP level 6. HP: 48/48 MP: 6/6
  1654 | D:3      | Found an ornate altar of the Wu Jian Council.
  2245 | D:3      | Noticed Robin
  2257 | D:3      | Killed Robin
  2574 | D:3      | Found a hazy altar of Hepliaklqana.
  2600 | D:4      | Found Minex's General Store.
  2610 | D:4      | Noticed a water moccasin
  2901 | D:4      | Reached XP level 7. HP: 53/55 MP: 7/7
  2946 | D:4      | Identified the +7 arbalest of the Spectre {drain, rPois}
  3024 | D:4      | Noticed a steam dragon
  3026 | D:4      | Killed a steam dragon
  3027 | D:4      | Reached skill level 5 in Axes
  3052 | D:4      | Killed a water moccasin
  3053 | D:4      | Reached skill level 5 in Fighting
  3053 | D:4      | Reached skill level 1 in Ranged Weapons
  3053 | D:4      | Reached skill level 6 in Shields
  3081 | D:4      | Found an opulent altar of Gozag.
  3081 | D:4      | Found an iron altar of Okawaru.
  3093 | D:4      | Became a worshipper of Gozag Ym Sagoz the Greedy
  3229 | D:4      | Reached XP level 8. HP: 62/62 MP: 8/8
  3773 | D:4      | Found a burning altar of Makhleb.
  3774 | D:4      | Found a shimmering altar of Xom.
  3904 | D:2      | Bought a pair of translucent gloves for 209 gold pieces
  3904 | D:2      | Identified the +1 pair of gloves of Kikubaaqudgha's Pride
                  | {rElec rPois rN+ Slay+2} (You bought it in a shop on level
                  | 2 of the Dungeon)
  3964 | D:5      | Entered Level 5 of the Dungeon
  4096 | D:5      | Found a staircase to the Ecumenical Temple.
  4732 | D:5      | Found a runed translucent door.
  4732 | D:5      | Noticed AwFulAwFulPlayer's ghost (novice OpMo)
  5015 | D:6      | Reached XP level 9. HP: 46/69 MP: 9/9
  5253 | D:6      | Reached skill level 5 in Ranged Weapons
  5481 | D:6      | Found a shimmering blue altar of Sif Muna.
  5525 | D:6      | Found a glowing golden altar of the Shining One.
  5651 | D:2      | Bought a bronze scale mail for 162 gold pieces
  5651 | D:2      | Identified the +1 scale mail "Fafent" {Rampage rElec Int+3}
                  | (You bought it in a shop on level 2 of the Dungeon)
  5696 | D:2      | Bought a +2 pair of boots of stealth for 215 gold pieces
  5885 | D:7      | Identified the ring "Upegrip" {rPois rF+ rC++ Int+4 Dex-3}
  6070 | D:7      | Reached skill level 1 in Dodging
  6346 | D:7      | Found Tuoqykops's Magic Scroll Boutique.
  6350 | D:7      | Bought a scroll of butterflies for 56 gold pieces
  6352 | D:7      | Bought a scroll of revelation for 105 gold pieces
  6367 | D:7      | Found a blossoming altar of Fedhas.
  6690 | D:8      | Reached XP level 10. HP: 77/77 MP: 10/10
  6738 | D:8      | Found an ancient bone altar of Kikubaaqudgha.
  6827 | D:8      | Found a runed translucent gate.
  6832 | D:8      | Found a runed translucent gate.
  6832 | D:8      | Found a runed translucent gate.
  6834 | D:8      | Noticed TittyCrusher's ghost (amateur FeFE)
  6834 | D:8      | Noticed ForestMusic's ghost (novice MiBe)
  6984 | D:8      | Noticed Grum
  6990 | D:8      | Killed Grum
  7084 | D:8      | Reached skill level 5 in Armour
  7481 | D:9      | Found a sparkling altar of Nemelex Xobeh.
  7519 | D:9      | Found a staircase to the Orcish Mines.
  7668 | D:9      | Found a flagged portal.
  7698 | Bailey   | Entered a bailey
  7897 | Bailey   | Noticed Prince Ribbit
  7909 | Bailey   | Killed Prince Ribbit
  7910 | Bailey   | Reached XP level 11. HP: 86/86 MP: 11/11
  7913 | Bailey   | Noticed a vault guard
  7957 | Bailey   | Killed a vault guard
  8117 | Bailey   | Noticed a vault guard
  8179 | Bailey   | Killed a vault guard
  8180 | Bailey   | Reached skill level 10 in Axes
  8566 | D:9      | Identified the +1 robe of Wiodol {rElec Stlth+}
  9052 | Orc:1    | Entered Level 1 of the Orcish Mines
  9052 | Orc:1    | Noticed an orc knight
  9052 | Orc:1    | Found a radiant altar of Vehumet.
  9070 | D:9      | Killed an orc knight
  9140 | Orc:1    | Found Uhiamaze's Antique Weapon Boutique.
  9226 | Orc:1    | Reached skill level 10 in Fighting
  9437 | Orc:2    | Entered Level 2 of the Orcish Mines
  9773 | Orc:2    | Noticed a two-headed ogre
  9788 | Orc:2    | Killed a two-headed ogre
  9820 | Orc:2    | Noticed an orc sorcerer
  9826 | Orc:2    | Noticed a sixfirhy
  9828 | Orc:2    | Noticed an orc sorcerer
  9830 | Orc:2    | Noticed an orc sorcerer
 10079 | Orc:2    | Noticed an orc sorcerer
 10090 | Orc:2    | Noticed a soul eater
 10119 | Orc:2    | Noticed a soul eater
 10149 | Orc:1    | Killed an orc sorcerer
 10309 | Orc:1    | Killed an orc sorcerer
 10418 | Orc:2    | Noticed an orc sorcerer
 10432 | Orc:2    | Killed an orc sorcerer
 10433 | Orc:2    | Reached XP level 12. HP: 32/97 MP: 12/12
 10580 | Orc:2    | Found a staircase to the Elven Halls.
 10822 | Orc:2    | Found Nyulakh's Antique Armour Boutique.
 11132 | Orc:2    | Noticed a soul eater
 11234 | Orc:2    | Reached skill level 10 in Ranged Weapons
 11234 | Orc:2    | Reached skill level 1 in Evocations
 11345 | Orc:2    | Found Jeqorr's Distillery.
 11374 | Orc:2    | Found a radiant altar of Vehumet.
 11377 | Orc:2    | Noticed Erolcha
 11390 | Orc:2    | Killed Erolcha
 11597 | Orc:2    | Found an ancient bone altar of Kikubaaqudgha.
 11642 | Orc:2    | Found Savol's Book Shop.
 11686 | Orc:2    | Found Qiha's Antique Armour Boutique.
 11691 | Orc:2    | Found Roajelepn's Antique Armour Shop.
 11770 | Orc:2    | Bought a potion of curing for 39 gold pieces
 11770 | Orc:2    | Bought a potion of attraction for 39 gold pieces
 11770 | Orc:2    | Bought a potion of invisibility for 104 gold pieces
 11904 | Orc:2    | Bought a scorched cloak for 294 gold pieces
 11904 | Orc:2    | Identified the +3 cloak of the Tuna {Int+6} (You bought it
                  | in a shop on level 2 of the Orcish Mines)
 12116 | D:7      | Bought a scroll of enchant armour for 105 gold pieces
 12116 | D:7      | Bought a scroll of identify for 28 gold pieces
 12116 | D:7      | Bought a scroll of identify for 28 gold pieces
 12254 | D:4      | Bought a potion of might for 52 gold pieces
 12332 | D:2      | Bought a coral ring for 90 gold pieces
 12510 | D:10     | Entered Level 10 of the Dungeon
 12563 | D:10     | Noticed a two-headed ogre
 12568 | D:10     | Killed a two-headed ogre
 12730 | D:10     | Found a hide-covered altar of Uskayaw.
 13806 | D:11     | Noticed a boulder beetle
 13812 | D:11     | Reached XP level 13. HP: 104/104 MP: 13/13
 13985 | D:11     | Reached skill level 1 in Throwing
 14197 | D:11     | Found a staircase to the Lair.
 14422 | D:11     | Reached skill level 5 in Dodging
 15064 | D:11     | Noticed Nergalle
 15072 | D:11     | Killed Nergalle
 15462 | D:8      | Killed ForestMusic's ghost
 15469 | D:8      | Killed TittyCrusher's ghost
 15733 | Lair:1   | Entered Level 1 of the Lair of Beasts
 16414 | Lair:1   | Noticed a seven-headed hydra
 16416 | Lair:1   | Killed a seven-headed hydra
 16430 | Lair:1   | Reached XP level 14. HP: 95/115 MP: 14/14
 17288 | Lair:2   | Reached skill level 10 in Armour
 18045 | Lair:2   | Reached skill level 15 in Axes
 18173 | Lair:2   | Found a large runed translucent door.
 18173 | Lair:2   | Found a large runed translucent door.
 18247 | Lair:2   | Identified a scroll of acquirement
 18422 | Lair:2   | Found a hole to the Spider Nest.
 18577 | Lair:2   | Noticed LynnLen's ghost (journeyman SpEn)
 18589 | Lair:2   | Acquired a manual of Ranged Weapons
 19934 | Lair:4   | Learned a level 2 spell: Wereblood
 20406 | Lair:4   | Reached XP level 15. HP: 120/120 MP: 15/15
 20993 | Lair:5   | Entered Level 5 of the Lair of Beasts
 21777 | Lair:5   | Reached skill level 15 in Ranged Weapons
 22183 | Lair:5   | Found a viscous altar of Jiyva.
 22184 | Lair:5   | Found a staircase to the Slime Pits.
 22899 | Lair:5   | Noticed Nessos
 22911 | Lair:5   | Killed Nessos
 23810 | Lair:5   | Found a corrupted altar of Lugonu.
 23810 | Lair:5   | Found a one-way gate to the infinite horrors of the Abyss.
 24096 | Lair:2   | Killed LynnLen's ghost
 24102 | Lair:2   | Identified the +8 mace of Summer {heavy, rPois rF+ Dex+2}
 24399 | D:12     | Found a frozen archway.
 24409 | D:12     | Reached XP level 16. HP: 127/127 MP: 16/16
 24430 | IceCv    | Entered an ice cave
 25082 | IceCv    | Identified the ring of Aluniwost {rC++ SInv}
 25091 | IceCv    | Identified the ring "Epnyxim" {rElec rC+}
 26044 | Orc:2    | Bought jewelled fire dragon scales for 2015 gold pieces
 26044 | Orc:2    | Identified the +4 fire dragon scales "Kiotziymm" {rF++ rC-
                  | Slay+3} (You bought it in a shop on level 2 of the Orcish
                  | Mines)
 26730 | D:13     | Identified the ring of Usaok {rPois AC+4}
 26782 | D:13     | Reached skill level 1 in Spellcasting
 26782 | D:13     | Reached skill level 1 in Transmutations
 27198 | D:14     | Found Nialeah's Weapon Emporium.
 27425 | D:14     | Found a gate leading to a gauntlet.
 27492 | Gauntlet | Entered a Gauntlet
 27492 | Gauntlet | Found a transporter.
 27492 | Gauntlet | Found a transporter.
 27568 | Gauntlet | Found a transporter.
 27571 | Gauntlet | Found a transporter.
 27571 | Gauntlet | Found a transporter.
 27571 | Gauntlet | Found a transporter.
 27581 | Gauntlet | Found a transporter.
 27585 | Gauntlet | Found a transporter.
 27595 | Gauntlet | Found a transporter.
 27597 | Gauntlet | Found the +1 cloak of Starlight {*Dazzle EV+4 Stlth--}
 27700 | Gauntlet | Found a transporter.
 27702 | Gauntlet | Found a transporter.
 27710 | Gauntlet | Found a transporter.
 27781 | Gauntlet | Gained mutation: Armour fits poorly on your strangely
                  | shaped body. [a neqoxec]
 27876 | Gauntlet | Identified the amulet of Utoshymo {RegenMP rC+ Str+3}
 27904 | Gauntlet | Identified the +0 hat "Poor" {Rampage}
 28012 | D:14     | Found Xofuclapsaps's General Store.
 28024 | D:14     | Bought a scroll of brand weapon for 152 gold pieces
 28024 | D:14     | Bought a scroll of revelation for 120 gold pieces
 28403 | D:14     | Reached skill level 7 in Shields
 28403 | D:14     | Reached skill level 5 in Evocations
 28659 | D:14     | Found Fasugaco's Magic Scroll Emporium.
 28665 | D:14     | Bought a scroll of fog for 64 gold pieces
 28665 | D:14     | Bought a scroll of butterflies for 64 gold pieces
 28799 | D:14     | Found Taassim's General Store.
 28874 | D:14     | Reached skill level 5 in Throwing
 29056 | D:14     | Found a gate to the Vaults.
 29229 | D:14     | Found Uhifid's Jewellery Shoppe.
 29350 | D:14     | Bought a scroll of silence for 152 gold pieces
 29850 | D:15     | Entered Level 15 of the Dungeon
 30538 | D:15     | Reached XP level 17. HP: 135/135 MP: 20/20
 30745 | D:15     | Reached skill level 5 in Transmutations
 31388 | D:15     | Found a staircase to the Depths.
 31732 | Spider:1 | Entered Level 1 of the Spider Nest
 32388 | Spider:1 | Reached skill level 8 in Shields
 32754 | Spider:1 | Reached skill level 5 in Stealth
 32983 | Spider:1 | Lost mutation: Armour fits poorly on your strangely shaped
                  | body. [potion of mutation]
 32983 | Spider:1 | Gained mutation: You are frail. (-10% HP) [potion of
                  | mutation]
 32983 | Spider:1 | Gained mutation: You passively map a small area around you.
                  | [potion of mutation]
 32983 | Spider:1 | Gained mutation: You have an increased reservoir of magic.
                  | (+10% MP) [potion of mutation]
 32983 | Spider:1 | Gained mutation: You expend magic power (3 MP) to
                  | strengthen your wands. [potion of mutation]
 33451 | Spider:2 | Noticed Jorgrun
 33488 | Spider:1 | Killed Jorgrun
 33989 | Spider:2 | Noticed Azrael
 34003 | Spider:2 | Killed Azrael
 34829 | Orc:2    | Bought a book of the Hunter for 416 gold pieces
 34834 | Orc:2    | Learned a level 3 spell: Portal Projectile
 35518 | Spider:2 | Acquired 266 gold pieces
 35637 | Spider:2 | Found a transporter.
 35637 | Spider:2 | Found a transporter.
 35833 | Spider:3 | Reached skill level 1 in Hexes
 36129 | Spider:3 | Reached skill level 1 in Translocations
 36540 | Spider:3 | Reached XP level 18. HP: 128/128 MP: 22/24
 36961 | Spider:4 | Entered Level 4 of the Spider Nest
 37352 | Spider:4 | Acquired the +6 arbalest "Damnation" {damnation}
 37352 | Spider:4 | Found the +6 arbalest "Damnation" {damnation}
 37443 | Spider:4 | Found a runed translucent gate.
 37460 | Spider:4 | Found a runed translucent gate.
 37460 | Spider:4 | Found a runed translucent gate.
 37465 | Spider:4 | Noticed Pooter's ghost (adept MiMo)
 37812 | Spider:4 | Identified the +1 flail of the Beastly God {flame, *Slow
                  | Will+ Str+3 Dex+3}
 39050 | Shoals:1 | Entered Level 1 of the Shoals
 39084 | Shoals:1 | Reached skill level 5 in Hexes
 39874 | Shoals:1 | Learned a level 2 spell: Passwall
 40127 | Shoals:1 | Reached skill level 1 in Earth Magic
 40227 | Shoals:1 | Identified the +3 sling of Cullaatsudu {antimagic, rCorr
                  | Dex+3}
 40231 | Shoals:1 | Reached XP level 19. HP: 128/136 MP: 27/27
 40290 | Shoals:1 | Identified the staff of Somewhere Else {rPois rF++ rC+
                  | Dex-4 Hexes Ice}
 40311 | Shoals:1 | Reached skill level 5 in Translocations
 41462 | Shoals:2 | Acquired 550 gold pieces
 41501 | Shoals:2 | Found Oxanuofem's Jewellery Emporium.
 41579 | Shoals:2 | Bought the ring "Vouzxyr" {rC- Will+ Int+6 Slay+3} for 602
                  | gold pieces
 42054 | Shoals:3 | Noticed Louise
 42076 | Shoals:3 | Killed Louise
 42077 | Shoals:3 | Reached skill level 5 in Earth Magic
 42091 | Shoals:3 | Noticed Polyphemus
 42284 | Shoals:3 | Killed Polyphemus
 42713 | Shoals:3 | Noticed Ilsuiw
 42727 | Shoals:3 | Killed Ilsuiw
 43536 | Shoals:4 | Entered Level 4 of the Shoals
 43536 | Shoals:4 | Found a runed translucent gate.
 43536 | Shoals:4 | Found a runed translucent gate.
 43536 | Shoals:4 | Found a runed translucent gate.
 44236 | Shoals:4 | Found the +9 staff of Olgreb {rPois∞}
 44269 | Shoals:4 | Found a runed translucent door.
 44384 | Shoals:4 | Noticed Zeldest's ghost (adept SpHs)
 44629 | Shoals:4 | Reached XP level 20. HP: 78/142 MP: 25/28
 44976 | Shoals:4 | Reached skill level 15 in Fighting
 45129 | Shoals:4 | Got a barnacled rune of Zot
 45800 | Shoals:4 | Identified the +2 plate armour "Bududaef" {rElec rN+}
 46915 | Spider:4 | Got a gossamer rune of Zot
 47258 | Spider:2 | Got the +4 pair of boots of Ufukh {*Slow rC++ Int+2 Stlth-}
 47532 | Vaults:1 | Entered Level 1 of the Vaults
 47881 | Vaults:1 | Reached skill level 9 in Shields
 48067 | Vaults:1 | Identified the +0 whip "Murukka" {elec, Dex+2}
 48157 | Vaults:1 | Identified the +1 chain mail of Etsoq {Will+ MP+9}
 48320 | Vaults:1 | Reached skill level 10 in Shields
 48695 | Vaults:1 | Reached skill level 11 in Shields
 49159 | Vaults:1 | Identified the ring of Coiwoino {rElec rF+ Dex+4}
 49496 | Vaults:2 | Identified the ring "Igadgh" {rElec Str+6}
 49614 | Vaults:2 | Reached skill level 12 in Shields
 49614 | Vaults:2 | Reached XP level 21. HP: 149/153 MP: 27/29
 50202 | Vaults:2 | Reached skill level 13 in Shields
 50585 | Vaults:2 | Reached skill level 14 in Shields
 51055 | Vaults:2 | Found a staircase to the Crypt.
 51055 | Vaults:2 | Found a basalt altar of Yredelemnul.
 51056 | Vaults:2 | Found an ancient bone altar of Kikubaaqudgha.
 51661 | Vaults:3 | Reached skill level 15 in Shields
 52313 | Vaults:3 | Noticed Frederick
 52331 | Vaults:3 | Killed Frederick
 52431 | Vaults:3 | Found Wadiptao's Armour Boutique.
 52447 | Vaults:3 | Reached skill level 16 in Shields
 52475 | Vaults:3 | Bought the +10 tower shield of Ignorance {rN+ Int-4} for
                  | 916 gold pieces
 52475 | Vaults:3 | Found the +10 tower shield of Ignorance {rN+ Int-4}
 52948 | Vaults:3 | Found Azueclig's Weapon Shoppe.
 53208 | Vaults:3 | Reached XP level 22. HP: 151/160 MP: 28/30
 53801 | Vaults:4 | Reached skill level 17 in Shields
 54057 | Vaults:3 | Reached skill level 10 in Dodging
 54334 | Vaults:4 | Reached skill level 18 in Shields
 54566 | Vaults:4 | Reached skill level 19 in Shields
 55045 | Vaults:4 | Reached skill level 20 in Shields
 55197 | Vaults:4 | Acquired the ring of Cowardice {Contam Fly rN+ Will+++
                  | Slay+4}
 56008 | Elf:1    | Entered Level 1 of the Elven Halls
 56930 | Elf:1    | Noticed Agnes
 56940 | Elf:1    | Killed Agnes
 57189 | Elf:2    | Reached XP level 23. HP: 165/165 MP: 28/31
 57352 | Elf:2    | Identified the +3 buckler "Lacwaisosch" {Contam rElec Will+
                  | Dex+2}
 57394 | Elf:2    | Found a runed translucent gate.
 57394 | Elf:2    | Found a runed translucent gate.
 57396 | Elf:2    | Found a runed translucent gate.
 57444 | Elf:2    | Found Moim's General Store.
 57578 | Elf:2    | Bought a throwing net for 42 gold pieces
 57664 | Elf:2    | Found a portal to a secret trove of treasure.
 58667 | Elf:3    | Entered Level 3 of the Elven Halls
 58800 | Elf:3    | Reached skill level 15 in Armour
 58830 | Elf:3    | Reached skill level 21 in Shields
 59161 | Elf:3    | Found Jutoni Fizagg's Book Emporium.
 59161 | Elf:3    | Found Fanub's Jewellery Shop.
 59162 | Elf:3    | Found Doirad's Book Emporium.
 59172 | Elf:3    | Bought a book of Cantrips for 156 gold pieces
 59174 | Elf:3    | Learned a level 1 spell: Apportation
 59274 | Elf:3    | Identified the ring of the Lumpy Tales {Ice rN++ MP+9 Int-5
                  | Dex+3}
 59278 | Elf:3    | Identified the ring of Hyth {rElec rC+ rN+ Will- Dex+2}
 59283 | Elf:3    | Identified the +9 mace "Zaamuick" {speed, rElec rPois
                  | Dex-4}
 59348 | Elf:3    | Got the Atlas of the Hornet and the Brume
 59372 | Elf:3    | Got Sif Muna's Codex of the Ashen Blink Frog
 59374 | Elf:3    | Identified the +5 scale mail of Absolutism {rCorr Str+3
                  | Dex+2}
 59401 | Elf:3    | Found the +9 sword of Power {lifebolt}
 59403 | Elf:3    | Identified the amulet "Tugam" {Regen+ MP-9 Str+4 Int+2}
 59409 | Elf:3    | Identified the +8 short sword "Cufeum" {pain, Drain Str+4
                  | Dex+3 Stlth+}
 59455 | Elf:3    | Identified the staff of Righteous Anger {+Blink rElec Dex+3
                  | Stlth+ Air}
 60285 | Elf:2    | You paid a toll of 4 potions of resistance to enter a
                  | treasure trove
 60286 | Trove    | Entered a treasure trove
 60317 | Trove    | Identified the ring "Roengue" {Will+ Int+2}
 60703 | Depths:1 | Entered Level 1 of the Depths
 60869 | Depths:1 | Reached XP level 24. HP: 175/175 MP: 22/31
 61195 | Depths:1 | Noticed Margery
 61216 | Depths:1 | Killed Margery
 61217 | Depths:1 | Found a gateway to Hell.
 61535 | Depths:1 | Found a glowing silver altar of Zin.
 61538 | Depths:1 | Found a glowing golden altar of the Shining One.
 61539 | Depths:1 | Found a white marble altar of Elyvilon.
 61981 | D:14     | Bought a scroll of enchant weapon for 120 gold pieces
 61981 | D:14     | Bought a scroll of brand weapon for 152 gold pieces
 62270 | Depths:2 | Found a one-way gateway to a ziggurat.
 62398 | Depths:2 | Noticed the Enchantress
 62431 | Depths:2 | Killed the Enchantress
 62435 | Depths:2 | Noticed Asterion
 62453 | Depths:2 | Killed Asterion
 62537 | Depths:2 | Reached skill level 5 in Spellcasting
 62660 | Depths:2 | Noticed Nikola
 62675 | Depths:2 | Killed Nikola
 62736 | Depths:2 | Noticed a juggernaut
 62739 | Depths:2 | Noticed a golden dragon
 62745 | Depths:2 | Killed a juggernaut
 62760 | Depths:2 | Killed a golden dragon
 62859 | Depths:2 | Reached skill level 22 in Shields
 63208 | Depths:2 | Found a one-way gate leading to the halls of Pandemonium.
 63758 | Depths:3 | Found Zuanoxo's Weapon Boutique.
 63764 | Depths:3 | Found a runed translucent door.
 63815 | Depths:3 | Reached XP level 25. HP: 183/183 MP: 26/35
 64391 | Depths:3 | Reached skill level 10 in Hexes
 64528 | Depths:3 | Reached skill level 10 in Evocations
 64674 | Depths:3 | Reached skill level 23 in Shields
 64742 | Depths:3 | Identified the +2 acid dragon scales of the Festooned God
                  | {rCorr Int+3 Dex+4}
 64944 | Depths:3 | Noticed Camaan's ghost (adept DgCj)
 64964 | Depths:4 | Entered Level 4 of the Depths
 65301 | Depths:4 | Reached skill level 10 in Earth Magic
 65347 | Depths:4 | Found a gate to the Realm of Zot.
 65386 | Depths:4 | Reached skill level 24 in Shields
 66165 | Depths:3 | Killed Camaan's ghost
 66497 | Slime:1  | Entered Level 1 of the Pits of Slime
 66586 | Slime:1  | Reached XP level 26. HP: 189/189 MP: 26/35
 67413 | Slime:4  | Reached skill level 25 in Shields
 67599 | Slime:5  | Entered Level 5 of the Pits of Slime
 67649 | Slime:5  | Noticed the Royal Jelly
 68355 | Slime:4  | You are sucked into a shaft and drop 1 floor!
 68614 | Slime:5  | Killed the Royal Jelly
 68634 | Slime:5  | Found the +3 giant club "Skullcrusher" {speed, Str+7}
 68753 | Slime:5  | Identified the ring "Bisecuar" {rElec rF+ rC+ MP+9 Int+6}
 68775 | Slime:5  | Got a slimy rune of Zot
 68777 | Slime:5  | Identified the +0 chain mail "Vorched" {Regen+ Int+3 Dex+3}
 68785 | Slime:5  | Identified the +4 lajatang "Muso" {flame, rF+ rCorr Int+2
                  | Stlth-}
 68820 | Slime:5  | Got the Quarto of the Windy Boggart
 68828 | Slime:5  | Got Zim User's Thoughts on Stony Mortification
 69307 | Zot:1    | Entered Level 1 of the Realm of Zot
 69328 | Zot:1    | Reached skill level 26 in Shields
 69591 | Zot:1    | Noticed Parghit
 70139 | Zot:2    | Reached skill level 27 in Shields
 71041 | Zot:3    | Identified the +2 robe of the Guardian {Regen+ Stlth+}
 71114 | Zot:3    | Noticed a curse toe
 71627 | Zot:3    | Killed a curse toe
 71672 | Zot:3    | Noticed a curse toe
 71921 | Zot:4    | Reached XP level 27. HP: 197/197 MP: 3/38
 72081 | Zot:4    | Identified the +2 leather armour of the Lair of Beasts
                  | {*Slow rPois rF+ Str+5}
 72674 | Zot:5    | Entered Level 5 of the Realm of Zot
 72735 | Zot:5    | Reached skill level 10 in Throwing
 73071 | Zot:5    | Found a transporter.
 73087 | Zot:5    | Found a transporter.
 73249 | Zot:5    | Found a transporter.
 73303 | Zot:5    | Found a transporter.
 73398 | Zot:5    | Noticed an ancient lich
 73404 | Zot:5    | Killed an ancient lich
 73439 | Zot:5    | Noticed an orb of fire
 73439 | Zot:5    | Noticed an orb of fire
 73444 | Zot:5    | Noticed a Killer Klown
 73450 | Zot:5    | Gained mutation: You are weak. (Str -2) [an orb of fire]
 73451 | Zot:5    | Killed an orb of fire
 73452 | Zot:5    | Noticed an orb of fire
 73452 | Zot:5    | Killed a Killer Klown
 73454 | Zot:5    | Noticed a Killer Klown
 73455 | Zot:5    | Gained mutation: You have hidden genetic defects. [an orb
                  | of fire]
 73455 | Zot:5    | Killed an orb of fire
 73456 | Zot:5    | Noticed an orb of fire
 73458 | Zot:5    | Killed a Killer Klown
 73459 | Zot:5    | Noticed a dread lich
 73461 | Zot:5    | Noticed a Killer Klown
 73462 | Zot:5    | Killed an orb of fire
 73466 | Zot:5    | Killed a dread lich
 73467 | Zot:5    | Killed a Killer Klown
 73472 | Zot:5    | Killed an orb of fire
 73493 | Zot:5    | Noticed a Killer Klown
 73493 | Zot:5    | Noticed an orb of fire
 73494 | Zot:5    | Gained mutation: You are dopey. (Int -2) [hidden defects]
 73497 | Zot:5    | Noticed a Killer Klown
 73498 | Zot:5    | Noticed an orb of fire
 73499 | Zot:5    | Noticed a Killer Klown
 73500 | Zot:5    | Gained mutation: You are very frail. (-20% HP) [an orb of
                  | fire]
 73500 | Zot:5    | Your ally Parghit died
 73500 | Zot:5    | Noticed a Killer Klown
 73501 | Zot:5    | Lost mutation: You have an increased reservoir of magic.
                  | (+10% MP) [an orb of fire]
 73505 | Zot:5    | Noticed a Killer Klown
 73515 | Zot:5    | Gained mutation: Your body sometimes deteriorates upon
                  | taking damage. [an orb of fire]
 73517 | Zot:5    | Killed an orb of fire
 73520 | Zot:5    | Killed a Killer Klown
 73525 | Zot:5    | Killed a Killer Klown
 73530 | Zot:5    | Gained mutation: Armour fits poorly on your strangely
                  | shaped body. [an orb of fire]
 73532 | Zot:5    | Killed an orb of fire
 73541 | Zot:5    | Killed a Killer Klown
 73550 | Zot:5    | Killed a Killer Klown
 73559 | Zot:5    | Gained mutation: You have terrible hidden genetic defects.
                  | [hidden defects]
 73559 | Zot:5    | Lost mutation: You have terrible hidden genetic defects.
                  | [hidden defects expressed]
 73581 | Zot:5    | Killed a Killer Klown
 73583 | Zot:5    | Lost mutation: You expend magic power (3 MP) to strengthen
                  | your wands. [potion of mutation]
 73583 | Zot:5    | Lost mutation: You are dopey. (Int -2) [potion of mutation]
 73583 | Zot:5    | Lost mutation: Armour fits poorly on your strangely shaped
                  | body. [potion of mutation]
 73583 | Zot:5    | Gained mutation: You possess an exceptional clarity of
                  | mind. [potion of mutation]
 73584 | Zot:5    | Lost mutation: You have hidden genetic defects. [potion of
                  | mutation]
 73584 | Zot:5    | Lost mutation: You are weak. (Str -2) [potion of mutation]
 73584 | Zot:5    | Lost mutation: Your body sometimes deteriorates upon taking
                  | damage. [potion of mutation]
 73584 | Zot:5    | Gained mutation: Your spells are a little easier to cast,
                  | but a little less powerful. [potion of mutation]
 73584 | Zot:5    | Gained mutation: You are dopey. (Int -2) [potion of
                  | mutation]
 73585 | Zot:5    | Lost mutation: You possess an exceptional clarity of mind.
                  | [potion of mutation]
 73585 | Zot:5    | Lost mutation: You are very frail. (-20% HP) [potion of
                  | mutation]
 73585 | Zot:5    | Gained mutation: You passively map the area around you.
                  | [potion of mutation]
 73585 | Zot:5    | Gained mutation: You are partially covered in large bone
                  | plates. (SH +4) [potion of mutation]
 73585 | Zot:5    | Gained mutation: Your body sometimes deteriorates upon
                  | taking damage. [potion of mutation]
 73585 | Zot:5    | Gained mutation: You passively dampen the noise of your
                  | surroundings. [potion of mutation]
 74120 | Zot:5    | Got the Orb of Zot
 74763 | D:$      | Escaped with the Orb!

Illustrated notes

Levels and vault maps discovered:
D:1:      scummos_arrival_hexagon, layout_basic, serial_forest,
          infiniplex_forest_clump_C, infiniplex_forest_straight_2,
          infiniplex_forest_lined_ring, infiniplex_forest_clump_C,
          infiniplex_forest_clump_small, infiniplex_forest_zigzag_1,
          infiniplex_forest_lined_room_
D:2:      layout_rooms, serial_shops, nicolae_shop_peninsula, shop,
          nicolae_lakefront_shop, nicolae_shop_behind_doors,
          nicolae_shop_real_fake_doors, minmay_misc_feat_tiny, uniq_natasha
D:3:      layout_basic, nicolae_wu_jian_wuxing_cycle, kennysheep_slug_shrine,
          general_overflow_altar, ebering_ecumenical_altar_box, uniq_robin
D:4:      layout_layer_cave, grunt_temple_overflow_champion_of_chaos,
          gammafunk_temple_overflow_wave, serial_shops, shop,
          kennysheep_orc_chapel
D:5:      layout_loops_corners, minmay_temple_entry_large_hall,
          gammafunk_ghost_grave
D:6:      layout_rooms, mainiacjoe_overflow_brackets, lemuel_crystal_altar
D:7:      layout_gridville, fedhas_altar_fruit_tree, serial_shops, shop,
          minivault_27
D:8:      layout_basic, mainiacjoe_overflow_small_starburst,
          gammafunk_ghost_cemetery, uniq_grum
D:9:      layout_grid_maze, nemelex_diamond_rough_becter, orc_0_dummy,
          enter_bailey_5, nicolae_houndstooth_variations
D:10:     layout_layer_cave, mainiacjoe_overflow_paths
D:11:     kennysheep_windowed_halls, layout_basic, david_lair_generic,
          uniq_nergalle
D:12:     layout_basic, portal_ice_cave_entry_ice_simulacra
D:13:     layout_gridville, nicolae_figureground_pulse
D:14:     kennysheep_kobold_grotto, layout_layer_cave, david_vaults_4,
          serial_shops, shop, shop, kennysheep_mini_moat, shop,
          nicolae_inconvenience_store, gauntlet_entry_generic,
          grunt_ministairs_15, grunt_potential
D:15:     gammafunk_enter_depths_forms, layout_gridville, nicolae_hexahallways,
          serial_glass, glass_columns_a, glass_columns_a
Lair:1:   layout_cave_pods, pdpol_lair_cavern_descent
Lair:2:   layout_loops_ring, nicolae_shoals_entry_flooding,
          spider_nest_entry_funnel_web, ebering_ghost_disaster_area,
          worms_lemuel, infiniplex_staircase_pool_2
Lair:3:   layout_loops_ring, serial_bayou_crossing, grunt_megastairs_2
Lair:4:   layout_layer_cave, st_stairs_8
Lair:5:   hellmonk_lair_end_abyssal_woods, layout_gridlike,
          minmay_slime_entry_pillars, minivault_25,
          chequers_serial_rivers_large_b, serial_bayou_shore_a, uniq_nessos
Shoals:1: layout_shoals, nicolae_shoals_enchanted_isle
Shoals:2: layout_shoals, serial_shops, shop, nicolae_shoals_lost_giant_temple
Shoals:3: layout_shoals, nicolae_shoals_so_close, uniq_ilsuiw, uniq_polyphemus,
          uniq_louise
Shoals:4: shoals_end_simple, layout_shoals, shoal_ilsuiw,
          ebering_ghost_reflecting_pool, nicolae_shoals_beach_cooler
Spider:1: layout_cave_pods, nicolae_spider_some_kinda_spiderbox,
          hangedman_spider_tarantella_strand
Spider:2: gammafunk_boulding_lane, uniq_azrael, uniq_jorgrun
Spider:3: layout_spider_delve
Spider:4: floodkiller_spider_rune_tomb, gammafunk_ghost_split,
          nicolae_spider_not_touching_you
Slime:1:  layout_caves
Slime:2:  layout_caves
Slime:3:  layout_caves
Slime:4:  layout_caves
Slime:5:  slime_pit
Orc:1:    layout_caves, serial_shops, nicolae_shop_competitors_out_of_business,
          basic_altar, gammafunk_ghost_fury_of_okawaru, minmay_orc_temple_b
Orc:2:    kennysheep_orc_mage_school, layout_caves, basic_altar, serial_shops,
          nicolae_shop_pleasant_corner_grove, lightli_orcish_oven
Elf:1:    nicolae_elf_arrival_aired_out, layout_loops_corners, serial_sigils,
          serial_sigils_hangedman_snap, serial_sigils_hangedman_quiver,
          serial_sigils_hangedman_gnaw, serial_sigils_hangedman_scar,
          hangedman_elf_disciples, st_stairs_8, drop_trap, uniq_agnes
Elf:2:    elven_hall_of_blades_hangedman_original [nicolae_blade_lattice],
          layout_gridlike, serial_shops, nicolae_shop_tiny_waterfront,
          trove_entry_hex_spiral
Elf:3:    minmay_elf_hall_four_x, layout_loops_corners, minmay_misc_feat_alley,
          minmay_shop_grove
Vaults:1: v_rooms_3, nicolae_vaults_murder_corner, hangedman_vaults_unwind,
          hangedman_vaults_variations, vaults_dpeg_spiral,
          ontoclasm_vaults_tryst, vaults_mumra_chevron_long,
          hangedman_vaults_maws, nicolae_vaults_storage_closets_1,
          nicolae_vaults_two_Ls, nicolae_vaults_little_squares_6,
          nicolae_vaults_tetromino_T_1, nicolae_vaults_variable_pillar_hall,
          nicolae_vaults_diamond_1, layout_vaults_omnicross
Vaults:2: v_misc_1, nicolae_vaults_alarming, nicolae_vaults_ninety_degrees,
          minmay_crypt_entry_necro_gods, hangedman_vaults_stagger,
          nicolae_vaults_wine_cellar, v_misc_2, vaults_dpeg_emergency_exit,
          nicolae_vaults_antechamber_and_loot_room, v_misc_25,
          ontoclasm_vaults_ring_large, nicolae_vaults_house_3,
          layout_vaults_omnibox
Vaults:3: nicolae_vaults_network_quinsquares
          [nicolae_vaults_network_quincunx_subvault,
          nicolae_vaults_network_quincunx_subvault,
          nicolae_vaults_network_quincunx_subvault,
          nicolae_vaults_network_quincunx_subvault],
          nicolae_vaults_shipping_containers_4, nicolae_vaults_network_square,
          nicolae_vaults_tetromino_T_2, nicolae_vaults_taking_the_gang_shopping,
          nicolae_vaults_house_2, nicolae_vaults_ring_of_whatevers,
          dpeg_vaults_monster_box, nicolae_vaults_tetromino_Z_1,
          layout_vaults_omnigrid, uniq_frederick
Vaults:4: v_pattern_4, nicolae_vaults_angled_halls, nicolae_vaults_big_ls,
          nicolae_vaults_puzzle_piece, nicolae_vaults_door_testing_chamber,
          v_misc_14, ontoclasm_vaults_decontamination,
          nicolae_vaults_trapezoid_lopsided_1,
          nicolae_vaults_stairing_the_circle, vaults_room_door_ring,
          nicolae_vaults_heart-shaped_vault, nicolae_vaults_diamond_1,
          vaults_room_pools, layout_vaults_ring
Depths:1: layout_roguey, grunt_metal_band, glass_columns_a, hallowed_hall
Depths:2: minmay_fractal_lines_corner, layout_basic, enter_ziggurat_e,
          hell_entry, rand_demon_pan_entry_9, fake_guardian_serpent_vault,
          uniq_asterion, uniq_enchantress, uniq_nikola
Depths:3: hangedman_six_sided_sadism, layout_cave_shapes, serial_shops,
          nicolae_shop_bloodbath_and_beyond, ebering_ghost_reflecting_pool,
          abyss_entry, hell_entry, minmay_staircase_statues
Depths:4: grunt_zot_entry_alcove, layout_cave_shapes,
          hangedman_abyss_or_decor_clamps, hell_entry
Zot:1:    layout_misc_corridors, uniq_parghit
Zot:2:    layout_cathedral_of_symmetry
Zot:3:    lemuel_draconian_sentries_small, layout_misc_corridors
Zot:4:    layout_basic
Zot:5:    layout_gridlike, nicolae_diode_intersection

Skill      XL: |  1  2  3  4  5  6  7  8  9 10 11 12 13 14 15 16 17 18 19 20 21 22 23 24 25 26 27 |
---------------+----------------------------------------------------------------------------------+-----
Stealth        | 1 2 3 4 6 8 |  8.0
Axes           | 3 4 5 7 8 9 11 12 13 16 17 18 19 20 | 20.0
Fighting       | 4 5 6 8 10 12 13 14 16 17 18 20 | 20.5
Shields        | 5 6 7 8 12 16 20 21 22 24 27 | 27.0
Ranged Weapons | 1 3 6 7 9 10 12 16 17 | 17.0
Dodging        | 1 3 4 5 6 7 8 9 10 | 10.0
Armour         | 4 6 7 9 10 12 14 15 16 18 | 18.0
Evocations     | 3 4 5 6 8 9 12 | 12.0
Throwing       | 4 5 7 8 9 14 | 14.7
Spellcasting   | 2 4 5 6 8 |  8.0
Transmutations | 4 6 7 9 |  9.0
Hexes          | 1 6 8 9 10 12 | 12.0
Translocations | 1 4 5 6 8 |  8.0
Earth Magic    | 1 6 7 10 | 10.0

Action                     |  1- 3 |  4- 6 |  7- 9 | 10-12 | 13-15 | 16-18 | 19-21 | 22-24 | 25-27 || total
---------------------------+-------+-------+-------+-------+-------+-------+-------+-------+-------++-------
  Melee: War axe           |    95 |   135 |   139 |   110 |       |       |       |       |       ||   479
         Broad axe         |       |       |       |   164 |       |       |       |       |       ||   164
         Battleaxe         |       |       |       |    56 |   754 |   841 |   622 |   900 |   934 ||  4107
   Fire: Shortbow          |       |    58 |     2 |       |       |       |       |       |       ||    60
         Arbalest          |       |       |    93 |   245 |   336 |   497 |   506 |   332 |   160 ||  2169
         Sling             |       |       |       |       |       |       |       |     4 |       ||     4
  Throw: Throwing net      |       |       |       |     2 |       |       |       |     1 |     2 ||     5
         Dart              |       |       |       |       |     9 |   167 |     9 |     5 |     4 ||   194
         Boomerang         |       |       |       |       |     6 |     5 |     4 |     8 |       ||    23
         Javelin           |       |       |       |       |       |     8 |       |       |    28 ||    36
   Cast: Wereblood         |       |       |       |       |       |    28 |    53 |    22 |    34 ||   137
         Portal Projectile |       |       |       |       |       |       |       |       |     1 ||     1
 Invoke: Potion Petition   |       |       |       |       |     7 |     5 |     4 |     3 |     4 ||    23
         Bribe Branch      |       |       |       |       |       |       |       |       |     3 ||     3
Ability: Dig               |       |     1 |       |     2 |     5 |    10 |     1 |       |       ||    19
         Shaft Self        |       |       |       |       |       |       |       |       |     1 ||     1
  Evoke: Phial of floods   |       |       |       |     1 |     1 |     1 |     2 |     1 |       ||     6
         Wand              |       |       |       |     1 |     5 |     5 |    21 |     8 |     8 ||    48
         Phantom mirror    |       |       |       |       |     1 |       |       |       |       ||     1
         Lightning rod     |       |       |       |       |       |     4 |       |       |       ||     4
    Use: Scroll            |       |     4 |     2 |    12 |    11 |     8 |     6 |    15 |     6 ||    64
         Potion            |       |       |       |     3 |     3 |     6 |     5 |     1 |     8 ||    26
   Stab: Distracted        |       |       |     2 |     2 |     4 |     3 |     1 |    11 |    13 ||    36
         Sleeping          |       |       |       |     1 |       |       |       |       |       ||     1
         Held in net/web   |       |       |       |     2 |       |       |     1 |       |     1 ||     4
         Invisible         |       |       |       |       |     1 |     2 |       |     2 |     2 ||     7
 Armour: Scale mail        |    58 |    73 |    80 |   131 |       |       |       |       |       ||   342
         Plate armour      |       |       |       |    49 |   782 |    56 |       |       |       ||   887
         Fire dragon scale |       |       |       |       |       |   662 |   369 |    79 |       ||  1110
         Gold dragon scale |       |       |       |       |       |       |       |   129 |   321 ||   450
  Dodge: Dodged            |    47 |    57 |    56 |   141 |   334 |   640 |   373 |   239 |   242 ||  2129
  Block: Buckler           |    25 |    35 |    33 |    94 |   250 |   367 |   114 |       |       ||   918
         Kite shield       |       |       |       |       |       |       |   226 |       |       ||   226
         Tower shield      |       |       |       |       |       |       |    47 |  1092 |  1199 ||  2338

Table legend: (Time is in decaauts)
 A = Elapsed time spent in this place.
 B = Non-inter-level travel time spent in this place.
 C = Inter-level travel time spent in this place.
 D = Time resting spent in this place.
 E = Time spent auto-exploring this place.
 F = Levels seen in this place.
 G = Mean time per level.
                   A        B        C        D        E       F      G
               +--------+--------+--------+--------+--------+-----+--------+
         Total |  76004 |  68031 |   7973 |    285 |  50261 |  55 | 1381.9 |
       Dungeon |  20011 |  16813 |   3198 |     25 |  12853 |  15 | 1334.1 |
          Lair |  10211 |   9114 |   1097 |      5 |   7046 |   5 | 2042.2 |
        Shoals |   7227 |   6647 |    580 |     25 |   5153 |   4 | 1806.8 |
   Spider Nest |   7520 |   6867 |    653 |      8 |   5122 |   4 | 1880.0 |
    Slime Pits |   2379 |   2226 |    153 |      0 |   1158 |   5 |  475.8 |
  Orcish Mines |   3584 |   2894 |    690 |     93 |   1665 |   2 | 1792.0 |
   Elven Halls |   4368 |   3970 |    398 |      0 |   2997 |   3 | 1456.0 |
        Vaults |   8124 |   7724 |    400 |     39 |   6073 |   4 | 2031.0 |
        Depths |   5455 |   4927 |    528 |     22 |   3434 |   4 | 1363.8 |
           Zot |   5052 |   4779 |    273 |      0 |   3671 |   5 | 1010.4 |
         Trove |     45 |     45 |      0 |      0 |      5 |   1 |   45.0 |
        Bailey |    760 |    760 |      0 |     46 |    362 |   1 |  760.0 |
      Ice Cave |    778 |    778 |      0 |      3 |    467 |   1 |  778.0 |
      Gauntlet |    482 |    482 |      0 |     19 |    253 |   1 |  482.0 |
               +--------+--------+--------+--------+--------+-----+--------+

Top non-repeatable levels by time:
   Orc:2: 2927 daAuts
  Lair:5: 2731 daAuts
    D:14: 2618 daAuts
Spider:4: 2594 daAuts
Vaults:3: 2392 daAuts
Shoals:4: 2206 daAuts
  Lair:2: 2199 daAuts
    D:11: 2034 daAuts
Spider:1: 2022 daAuts
  Lair:1: 2013 daAuts
Vaults:1: 1956 daAuts
Vaults:2: 1952 daAuts
  Lair:4: 1944 daAuts
Vaults:4: 1823 daAuts
    D:15: 1808 daAuts
